Unix NetHack Version 3.7.0-97 Work-in-progress - last build Feb 8 2024 15:05:57 (6d6cdf8371b60126770a3d7b88910941cb14a054,branch:master). Game began 2024-02-09 19:05:41, ended 2024-02-09 19:27:05. elenmirie, neutral female gnomish Archeologist ---------------- +..............| |..............| |..............| |.......@....$.. ---.----d-- ---- ## # # ## ###### -.-+------+---- |.....<.....[.| |.............| |.............. --------------- Elenmirie the Field Worker St:16 Dx:9 Co:12 In:13 Wi:18 Ch:8 Neutral Dlvl:3 $:8 HP:0(21) Pw:25(25) AC:8 Xp:3/42 T:1002 Satiated Latest messages: The giant rat bites! You hit the giant rat. The giant rat bites! You miss the giant rat. The giant rat bites! You miss the giant rat. Yermak bites it. What do you want to use or apply? [agijotw or ?*] w k - a potion of healing. What do you want to drink? [k or ?*] k You feel better. Yermak bites it. It bites Yermak. Yermak bites it. Yermak drops a dagger. Yermak drops a dagger. You swap places with Yermak. You find a hidden door. You see here a pick-axe. Yermak drops a dagger. Yermak misses the acid blob. It bites the acid blob. The acid blob is killed! You swap places with Yermak. You hear the splashing of a naiad. You kill the brown mold! Welcome to experience level 3. Yermak bites the bat. The bat is killed! Yermak eats a bat corpse. You descend the stairs. You swap places with Yermak. You see here a splint mail. You swap places with Yermak. You find a hidden door. The little dog bites! You miss the little dog. The little dog bites! You miss the little dog. The little dog bites! You miss the little dog. The little dog bites! You miss the little dog. The little dog bites! You die... Do you want your possessions identified? [ynq] (y) y Do you want to see your attributes? [ynq] (y) y Do you want an account of creatures vanquished? [ynaq] (y) y Do you want to see your conduct and achievements? [ynq] (y) y Do you want to see the dungeon overview? [ynq] (y) y Inventory: Coins $ - 8 gold pieces Weapons q - 43 cursed +0 darts (at the ready) l - an uncursed +0 aklys (tethered to right hand) a - an uncursed +2 bullwhip Armor c - an uncursed +0 fedora m - an uncursed +0 orcish helm (being worn) b - an uncursed +0 leather jacket (being worn) Comestibles d - 4 uncursed food rations Rings s - an uncursed ring of slow digestion Tools w - an uncursed sack containing 8 items j - an uncursed horn of plenty (0:12) i - an uncursed oil lamp o - an uncursed oil lamp t - an uncursed tinning kit (0:57) Gems/Stones g - an uncursed touchstone Contents of the sack: 15 gold pieces an uncursed scroll of charging an uncursed scroll of earth an uncursed scroll of food detection an uncursed scroll of identify an uncursed scroll of magic mapping 2 uncursed potions of healing an uncursed +0 pick-axe Elenmirie the Archeologist's attributes: Background: You were a Field Worker, a level 3 female gnomish Archeologist. You were neutral, nominally on a mission for Camaxtli who was opposed by Quetzalcoatl (lawful) and Huhetotl (chaotic). You were right-handed. You were in the Dungeons of Doom, on level 3. You entered the dungeon 1002 turns ago. There was a new moon in effect when your adventure ended. You had 42 experience points, 38 more were needed to attain level 4. Basics: You had 0 out of 21 hit points. You had all 25 energy points (spell power). Your armor class was 8. Your wallet contained 8 zorkmids, and you had 15 more stashed away in your pack. Autopickup was on for '$' plus thrown. Final Characteristics: Your strength was 16 (limit:18/50). Your dexterity was 9 (limit:18). Your constitution was 12 (limit:18). Your intelligence was 13 (limit:19). Your wisdom was 18 (limit:18). Your charisma was 8 (limit:18). Final Status: You were satiated. You were unencumbered. You were wielding a club. You were unskilled in club. Final Attributes: You were fervently aligned. You had automatic searching. You had infravision. You are dead. Miscellaneous: You never encountered a bones level. Total elapsed playing time was 21 minutes and 21 seconds. Major events: Turn 1: elenmirie the neutral female gnomish Archeologist entered the dungeon 598: found Trollsbane in a shop 815: entered the Gnomish Mines 926: attained the rank of Field Worker (level 3) 1002: killed by a little dog Vanquished creatures: an acid blob a hobbit 2 giant rats a brown mold a gnome zombie 2 geckos a jackal a fox a kobold 3 grid bugs a bat 7 lichens a kobold zombie 3 newts 26 creatures vanquished. No species were genocided or became extinct. Voluntary challenges: You were an atheist. You were illiterate. You never engraved Elbereth. You never genocided any monsters. You never polymorphed an object. You never changed form. You used no wishes. Achievements: You entered a shop. You entered the Gnomish Mines. You attained the rank of Field Worker. The Dungeons of Doom: levels 1 to 3 Level 1: A fountain. Level 2: Some fountains, a grave. Stairs down to The Gnomish Mines. Level 3: <- You were here. Final resting place for you, killed by a little dog. The Gnomish Mines: Level 3: Game over: ---------- / \ / REST \ / IN \ / PEACE \ / \ | elenmirie | | 23 Au | | killed by a | | little dog | | | | | | 2024 | *| * * * | * _________)/\\_//(\/(/\)/\//\/|_)_______ Goodbye elenmirie the Archeologist... You died in The Dungeons of Doom on dungeon level 3 with 299 points, and 23 pieces of gold, after 1002 moves. You were level 3 with a maximum of 21 hit points when you died.